 Dungeon Crawl Stone Soup version 0.26.1-11-gd32895ea62 (webtiles) character file.

Game seed: 18380837182311041077

53651 Almogavar the Eclecticist (level 14, -8/63 HPs)
             Began as a Spriggan Conjurer on June 3, 2021.
             Was a Priest of Sif Muna.
             Killed from afar by a rime drake (25 damage)
             ... with a flash freeze
             ... on level 5 of the Lair of Beasts on June 5, 2021.
             The game lasted 01:56:25 (28541 turns).

Almogavar the Eclecticist (Spriggan Conjurer)      Turns: 28541, Time: 01:56:26

Health: -8/63      AC:  9    Str:  3    XL:     14   Next: 31%
Magic:  43/43      EV: 31    Int: 25    God:    Sif Muna [***...]
Gold:   990        SH:  0    Dex: 16    Spells: 26/44 levels left

rFire    . . .     SeeInvis +   n - +4 short sword (speed)
rCold    . . .     Faith    .   (shield restricted)
rNeg     . . .     Spirit   .   F - +2 robe {Will+}
rPois    .         Reflect  .   W - +2 hat
rElec    .         Harm     .   p - +2 cloak
rCorr    .         Rampage  .   (gloves unavailable)
Will     +++..                  (boots unavailable)
Stlth    ++++++....             K - amulet of the acrobat
HPRegen  0.20/turn              q - ring "Zam Urod" {Wiz Int+2}
MPRegen  0.28/turn              M - ring of magical power

@: sleeping, studying 2 skills, very quick
A: very small, unfitting armour, see invisible, speed 3
a: Renounce Religion, Channel Magic, Forget Spell


You were on level 5 of the Lair of Beasts.
You worshipped Sif Muna.
Sif Muna was most pleased with you.
You visited 4 branches of the dungeon, and saw 19 of its levels.
You also visited: Bailey.

You collected 2005 gold pieces.
You spent 1015 gold pieces at shops.

Inventory:

Hand Weapons
 n - a +4 short sword of speed (weapon)
Armour
 p - a +2 cloak (worn)
 y - a +1 troll leather armour {Snorg}
 F - a +2 robe of willpower (worn)
 U - a +2 buckler
 W - a +2 hat (worn)
Magical Staves
 R - an uncursed staff of cold
 V - an uncursed staff of earth
Jewellery
 a - an uncursed ring of fire
 f - an uncursed ring of willpower
 g - an uncursed ring of ice
 q - the ring "Zam Urod" (left hand) {Wiz Int+2}
   (You bought it in a shop on level 2 of the Orcish Mines)

   [ring of wizardry]

   It improves your spell success rate.
   It affects your intelligence (+2).
 s - an uncursed amulet of guardian spirit
 H - an uncursed ring of willpower
 K - an amulet of the acrobat (around neck)
 L - an uncursed amulet of reflection {unknown}
 M - a ring of magical power (right hand)
 Z - an uncursed ring of positive energy
Wands
 m - a wand of acid (11)
 t - a wand of digging (8)
 v - a wand of flame (20)
 A - a wand of disintegration (13)
 C - a wand of polymorph (14)
 J - a wand of paralysis (8)
 S - a wand of iceblast (7)
Scrolls
 c - 2 scrolls of amnesia
 d - 13 scrolls of teleportation
 k - 4 scrolls of enchant armour
 o - 2 scrolls of enchant weapon
 w - a scroll of summoning
 x - 2 scrolls of fear
 B - 3 scrolls of fog
 D - a scroll of magic mapping
 G - 6 scrolls of remove curse
 X - a scroll of noise {unknown}
Potions
 b - 8 potions of curing
 e - a potion of resistance
 h - 8 potions of heal wounds
 i - 3 potions of attraction
 j - 3 potions of lignification
 l - a potion of brilliance
 r - 7 potions of haste
 u - 2 potions of might
 z - a potion of magic
 E - 2 potions of berserk rage {unknown}
 I - a potion of cancellation {unknown}
 N - 2 potions of ambrosia {unknown}
 T - a potion of flight {unknown}
 Y - a potion of mutation {unknown}
Books
 O - a manual of
Armour
 P - a manual of Fighting
Miscellaneous
 Q - a condenser vane


   Skills:
 + Level 2.6 Fighting
 + Level 3.8 Short Blades
 + Level 1.8 Armour
 * Level 15.0 Dodging
 + Level 14.2 Stealth
 + Level 15.5 Spellcasting
 + Level 10.5 Conjurations
 + Level 5.5 Hexes
 - Level 9.5 Translocations
 + Level 0.2 Air Magic


You had 26 spell levels left.
You knew the following spells:

 Your Spells              Type           Power        Failure   Level
a - Magic Dart            Conj           100%         1%          1
b - Searing Ray           Conj           100%         1%          2
c - Iskenderun's Mystic   Conj/Tloc      62%          1%          4
d - Gell's Gravitas       Tloc           30%          1%          3
e - Poisonous Vapours     Pois/Air       40%          1%          2
f - Ignite Poison         Fire/Tmut/Pois 19%          3%          3
g - Mephitic Cloud        Conj/Pois/Air  37%          1%          3

Your spell library contained the following spells:

 Spells                   Type           Power        Failure   Level
 Corona                   Hex            52%          1%          1
 Freeze                   Ice            76%          1%          1
 Sting                    Tmut/Pois      76%          1%          1
 Ensorcelled Hibernation  Hex/Ice        66%          1%          2
 Passwall                 Tmut/Erth      15%          1%          2
 Slow                     Hex            47%          1%          2
 Wereblood                Tmut           19%          1%          2
 Confusing Touch          Hex            47%          1%          3
 Dazzling Flash           Conj/Hex       100%         1%          3
 Inner Flame              Hex/Fire       33%          1%          3
 Lesser Beckoning         Tloc           30%          1%          3
 Portal Projectile        Hex/Tloc       100%         1%          3
 Stone Arrow              Conj/Erth      90%          1%          3
 Cause Fear               Hex            23%          1%          4
 Fulminant Prism          Conj/Hex       28%          1%          4
 Leda's Liquefaction      Hex/Erth       16%          3%          4
 Dispersal                Tloc           30%          3%          6
 Summon Forest            Summ/Tloc      21%          4%          5
 Bolt of Magma            Conj/Fire/Erth 18%          8%          5
 Metabolic Englaciation   Hex/Ice        16%          11%         5
 Yara's Violent Unravell  Hex/Tmut       16%          11%         5
 Animate Dead             Necr           9%           12%         4
 Ice Form                 Ice/Tmut       19%          12%         4
 Olgreb's Toxic Radiance  Pois           19%          12%         4
 Petrify                  Tmut/Erth      19%          12%         4
 Summon Ice Beast         Ice/Summ       19%          12%         4
 Borgnjor's Vile Clutch   Necr/Erth      9%           30%         5
 Lee's Rapid Deconstruct  Erth           9%           30%         5
 Disjunction              Tloc           30%          78%         8
 Death Channel            Necr           9%           83%         6
 Eringya's Noxious Bog    Tmut/Pois      9%           83%         6
 Hydra Form               Tmut           9%           83%         6
 Shadow Creatures         Summ           N/A          83%         6
 Simulacrum               Ice/Necr       9%           83%         6
 Summon Greater Demon     Summ           9%           100%        7
 Shatter                  Erth           9%           100%        9


Dungeon Overview and Level Annotations

Branches:
Dungeon (11/15)            Temple (1/1) D:4            Lair (5/6) D:8
 Shoals (0/4) Lair:3       Spider (0/4) Lair:2        Slime (0/5) Lair:5
    Orc (2/2) D:11            Elf (0/3) Orc:2        Bailey (visited)

Altars:
Ashenzari
Cheibriados
Dithmenos
Elyvilon
Fedhas
Gozag
Hepliaklqana
Kikubaaqudgha
Makhleb
Nemelex Xobeh
Okawaru
Qazlal
Ru
Sif Muna
Trog
Uskayaw
Vehumet
Wu Jian
Xom
Yredelemnul
Zin
The Shining One
Jiyva

Shops:
D:5 [   D:7 ?   Orc:1 }   Orc:2 ?:*(=


Innate Abilities, Weirdness & Mutations

You are very small and have problems with some larger weapons.
You are too small for most types of armour.
You have supernaturally acute eyesight. (SInv)
You cover ground extremely quickly.


Message History

The dream sheep ruffle their wool and motes of dream dust sparkle, to no effect.
The rime drake breathes ice at you. The flash freeze misses you.
The dream sheep ruffle their wool and motes of dream dust sparkle, to no effect.
The dream sheep shake their wool and sparkle.
You feel drowsy...
You fall asleep.
The rime drake breathes ice at you. The flash freeze hits you!!
You wake up.
* * * LOW HITPOINT WARNING * * *
You are encased in ice.
The ice encasing you melts away. The rime drake breathes ice at you.
The flash freeze misses you.
The wolf howls!
A nearby fungus withers and dies.
The dream sheep shake their wool and sparkle.
You feel drowsy...
You fall asleep.
The rime drake breathes ice at you. The flash freeze hits you!!
You die...

...# ##.....# .### ##YY.## ##
#...#.# # ###.k.### # #..#..##
### #.##...#### .P#
####..P#..#### ..# #.)./.......#
..# #### ##.@........##### ..##
##..####..#............####
...####.#.#......##P............#
..P.#.##....h.....##.............
................####...........#.
........#.......##............###
....##............#...........P#
......#P....PP.................##
.."...##P....P.#..##............#


You could see a rime drake (catching breath), a wolf and 2 dream sheep.

Vanquished Creatures
  Snorg (Lair:3)
  4 ogre magi (Orc:2)
  4 hydras
  14 two-headed ogres
  Sonja (Lair:2)
  A lindwurm (Lair:5)
  2 orc knights
  An orc sorcerer (Orc:2)
  2 ugly things (D:11)
  13 elephants
  A cyclops (D:10)
  A black mamba (Lair:3)
  Psyche (D:9)
  A torpor snail (Lair:2)
  13 cane toads
  5 rime drakes
  3 komodo dragons
  2 hornets
  2 polar bears
  4 trolls
  Sigmund (D:2)
  A redback (Lair:2)
  A spriggan (Lair:1)
  2 basilisks (Lair:3)
  3 wyverns
  34 yaks
  10 water moccasins
  An ice beast (D:5)
  3 black bears
  30 orc warriors
  A sky beast (D:7)
  33 ogres
  A phantom (D:7)
  43 wolves
  15 centaurs
  A big kobold (D:9)
  15 bullfrogs
  3 scorpions
  A wyvern skeleton (D:6)
  8 killer bees
  4 wights (D:10)
  3 electric eels (D:8)
  2 howler monkeys (D:7)
  A crimson imp (D:8)
  3 jellies
  11 hounds
  3 centaur skeletons
  3 iguanas
  13 orc priests
  7 worker ants
  Natasha (twice) (D:4)
  21 orc wizards
  6 hell rats (Lair:4)
  A hound skeleton (D:5)
  A hound zombie (D:10)
  3 gnolls (D:6)
  13 adders
  A shadow imp (D:6)
  15 white imps
  2 adder skeletons
  2 worms
  2 dart slugs
  5 leopard geckos
  90 orcs
  4 giant cockroaches
  13 goblins
  4 hobgoblins
  13 jackals
  3 quokkas
  A ball python (D:4)
  9 bats
  4 frilled lizards
  8 kobolds
  A quokka skeleton (D:10)
  5 rats
562 creatures vanquished.

Vanquished Creatures (others)
  37 fungi
  28 plants
65 creatures vanquished.

Grand Total: 627 creatures vanquished

Notes
Turn   | Place    | Note
-------+----------+-------------------------------------------
     0 | D:1      | Almogavar the Spriggan Conjurer began the quest for the
                  | Orb.
     0 | D:1      | Reached XP level 1. HP: 9/9 MP: 5/5
   364 | D:1      | Reached XP level 2. HP: 13/13 MP: 3/6
   395 | D:1      | Learned a level 2 spell: Searing Ray
  1274 | D:2      | Reached XP level 3. HP: 16/16 MP: 0/8
  1902 | D:2      | Found a hazy altar of Hepliaklqana.
  1904 | D:2      | Noticed Sigmund
  1912 | D:2      | Killed Sigmund
  1913 | D:2      | Reached XP level 4. HP: 21/21 MP: 1/11
  1913 | D:2      | Reached XP level 5. HP: 24/24 MP: 1/13
  2742 | D:3      | Reached XP level 6. HP: 28/28 MP: 5/14
  2966 | D:3      | Reached skill level 5 in Spellcasting
  3751 | D:4      | Found a staircase to the Ecumenical Temple.
  3760 | Temple   | Entered the Ecumenical Temple
  3986 | Temple   | Became a worshipper of Sif Muna the Loreminder
  4038 | D:4      | HP: 1/28 [iguana (14)]
  4592 | D:4      | Noticed Natasha
  4598 | D:4      | Killed Natasha
  4759 | D:4      | Noticed Natasha
  4763 | D:4      | Killed Natasha
  4764 | D:4      | Reached skill level 5 in Conjurations
  4813 | D:5      | Entered Level 5 of the Dungeon
  4892 | D:5      | Noticed an ice beast
  4900 | D:5      | Killed an ice beast
  4901 | D:5      | Reached XP level 7. HP: 32/32 MP: 6/16
  5244 | D:5      | Found Gaugoi Vuowk's Antique Armour Boutique.
  5462 | D:5      | Reached skill level 1 in Short Blades
  5712 | D:5      | Found a radiant altar of Vehumet.
  5731 | D:5      | Found a sparkling altar of Nemelex Xobeh.
  6239 | D:6      | Reached skill level 5 in Dodging
  6306 | D:6      | Reached * piety under Sif Muna
  6560 | D:6      | Reached XP level 8. HP: 36/36 MP: 10/19
  6741 | D:6      | Reached skill level 5 in Stealth
  7371 | D:7      | Found Deblycuw's Magic Scroll Emporium.
  7464 | D:7      | Learned a level 4 spell: Iskenderun's Mystic Blast
  7691 | D:7      | Reached skill level 1 in Translocations
  8710 | D:7      | Found a sacrificial altar of Ru.
  8831 | D:8      | Reached ** piety under Sif Muna
  8832 | D:8      | Reached XP level 9. HP: 39/39 MP: 15/22
  9419 | D:8      | Noticed a troll
  9432 | D:8      | Killed a troll
  9589 | D:8      | Found a staircase to the Lair.
 10336 | D:8      | Found a burning altar of Makhleb.
 10666 | D:9      | Found a burning altar of Makhleb.
 10666 | D:9      | Noticed a cacodemon
 10670 | D:9      | Noticed an orange demon
 10670 | D:9      | Noticed an orange demon
 10992 | D:9      | Noticed Psyche
 11000 | D:9      | Killed Psyche
 11001 | D:9      | Reached skill level 1 in Armour
 11001 | D:9      | Reached skill level 5 in Translocations
 11162 | D:9      | Reached XP level 10. HP: 44/44 MP: 4/24
 11335 | D:9      | Reached *** piety under Sif Muna
 11376 | D:9      | Found a hide-covered altar of Uskayaw.
 12154 | D:9      | Reached skill level 10 in Spellcasting
 12230 | D:10     | Entered Level 10 of the Dungeon
 12274 | D:10     | Noticed a two-headed ogre
 12283 | D:10     | Killed a two-headed ogre
 12450 | D:10     | Learned a level 3 spell: Gell's Gravitas
 13219 | D:10     | Reached **** piety under Sif Muna
 13220 | D:10     | Reached skill level 10 in Dodging
 13800 | D:10     | Noticed a cyclops
 13808 | D:10     | Killed a cyclops
 14139 | D:11     | Found a staircase to the Orcish Mines.
 14435 | D:11     | Reached XP level 11. HP: 40/48 MP: 18/27
 14785 | D:11     | Noticed a white ugly thing
 14796 | D:11     | Killed a white ugly thing
 14940 | D:11     | Noticed a red ugly thing
 14950 | D:11     | Killed a red ugly thing
 15258 | Orc:1    | Entered Level 1 of the Orcish Mines
 15307 | Orc:1    | Found a flagged portal.
 15321 | Orc:1    | Found Nauhaugg's Gadget Boutique.
 15333 | Bailey   | Entered a bailey
 15814 | Bailey   | Reached ***** piety under Sif Muna
 16319 | Bailey   | Identified Qyxkit's Volume of Cold and Contamination (Sif
                  | Muna gifted it to you in a bailey)
 16319 | Bailey   | Received a gift from Sif Muna
 16980 | Orc:1    | Noticed an orc knight
 17001 | Orc:1    | Killed an orc knight
 17002 | Orc:1    | Reached skill level 1 in Hexes
 17376 | Orc:2    | Entered Level 2 of the Orcish Mines
 17409 | Orc:2    | Found Extuni Corhi's Magic Scroll Shop.
 17418 | Orc:2    | Noticed an orc knight
 17819 | Orc:2    | Reached skill level 1 in Fighting
 17820 | Orc:2    | Killed an orc knight
 18033 | Orc:2    | Found a staircase to the Elven Halls.
 18065 | Orc:2    | Noticed a two-headed ogre
 18066 | Orc:2    | Noticed a two-headed ogre
 18072 | Orc:2    | Killed a two-headed ogre
 18074 | Orc:2    | Killed a two-headed ogre
 18075 | Orc:2    | Reached XP level 12. HP: 46/53 MP: 13/29
 18075 | Orc:2    | Noticed a two-headed ogre
 18320 | Orc:2    | Noticed a two-headed ogre
 18328 | Orc:2    | Killed a two-headed ogre
 18461 | Orc:2    | Noticed a two-headed ogre
 18461 | Orc:2    | Noticed an ogre mage
 18524 | Orc:2    | Killed an ogre mage
 18613 | Orc:2    | Noticed an ogre mage
 18632 | Orc:2    | Killed a two-headed ogre
 18891 | Orc:2    | Identified Sif Muna's Papyrus of the Rocks (Sif Muna gifted
                  | it to you on level 2 of the Orcish Mines)
 18891 | Orc:2    | Received a gift from Sif Muna
 18912 | Orc:2    | Noticed a two-headed ogre
 18945 | Orc:2    | Killed a two-headed ogre
 19107 | Orc:2    | Noticed a two-headed ogre
 19115 | Orc:2    | Killed a two-headed ogre
 19169 | Orc:2    | Noticed a two-headed ogre
 19177 | Orc:2    | Killed a two-headed ogre
 19178 | Orc:2    | Reached skill level 10 in Stealth
 19314 | Orc:2    | Noticed a two-headed ogre
 19322 | Orc:2    | Noticed a two-headed ogre
 19334 | Orc:2    | Killed a two-headed ogre
 19339 | Orc:2    | Killed a two-headed ogre
 19340 | Orc:2    | Reached skill level 5 in Hexes
 19398 | Orc:2    | Noticed a two-headed ogre
 19611 | Orc:2    | Killed a two-headed ogre
 19635 | Orc:2    | Noticed a two-headed ogre
 19645 | Orc:2    | Killed a two-headed ogre
 19776 | Orc:2    | Noticed a two-headed ogre
 19785 | Orc:2    | Killed a two-headed ogre
 19888 | Orc:2    | Killed a two-headed ogre
 19929 | Orc:2    | Noticed an ogre mage
 19936 | Orc:2    | Killed an ogre mage
 19937 | Orc:2    | Reached XP level 13. HP: 57/57 MP: 31/32
 20400 | Orc:2    | Found Beuhyes's Book Shop.
 20400 | Orc:2    | Found Vik Wefu's Antique Weapon Shoppe.
 20400 | Orc:2    | Found Nocigh's General Store.
 20400 | Orc:2    | Found Fati's Jewellery Boutique.
 20409 | Orc:2    | Bought the ring "Zam Urod" {Wiz Int+2} for 535 gold pieces
 20781 | Orc:1    | Bought a condenser vane for 480 gold pieces
 20845 | Lair:1   | Entered Level 1 of the Lair of Beasts
 21166 | D:8      | Identified Sif Muna's Grimoire of Ashen Transmutation (Sif
                  | Muna gifted it to you on level 8 of the Dungeon)
 21166 | D:8      | Received a gift from Sif Muna
 23287 | Lair:2   | Noticed Sonja
 23297 | Lair:2   | Killed Sonja
 23298 | Lair:2   | Reached skill level 10 in Conjurations
 23519 | Lair:2   | Found a hole to the Spider Nest.
 24253 | Lair:3   | Reached skill level 15 in Spellcasting
 24745 | Lair:3   | Found a staircase to the Shoals.
 24772 | Lair:3   | Found a stormy altar of Qazlal.
 24812 | Lair:3   | Noticed Snorg
 24825 | Lair:3   | Killed Snorg
 25363 | Lair:4   | Identified Ixiont's Catalogue of the Spatial Escort (Sif
                  | Muna gifted it to you on level 4 of the Lair of Beasts)
 25363 | Lair:4   | Received a gift from Sif Muna
 25450 | Lair:4   | Learned a level 2 spell: Poisonous Vapours
 25454 | Lair:4   | Learned a level 3 spell: Ignite Poison
 25595 | Lair:4   | Reached XP level 14. HP: 63/63 MP: 34/34
 26233 | Lair:4   | Learned a level 3 spell: Mephitic Cloud
 27937 | Lair:5   | Reached skill level 15 in Dodging
 28514 | Lair:5   | Found a staircase to the Slime Pits.
 28514 | Lair:5   | Found a viscous altar of Jiyva.
 28541 | Lair:5   | Killed from afar by a rime drake

Illustrated notes

Levels and vault maps discovered:
D:1:      dpeg_arrival_rooms_c, layout_loops_ring,
          hangedman_decor_clover_reticule
D:2:      layout_loops_ring, lemuel_round_altar, uniq_sigmund
D:3:      layout_loops_cross
D:4:      layout_basic, minmay_temple_entry_grid, hangedman_feature_mirror,
          uniq_natasha
D:5:      minmay_inner_zag, layout_basic, minitemple, serial_shops, shop
D:6:      layout_basic
D:7:      layout_loops_ring, nicolae_ru_the_path_less_chosen,
          minmay_misc_feat_hallway, kennysheep_windowed_goal
D:8:      layout_layer_cave, makhleb_grotto_becter, erik_lair_island
D:9:      layout_irregular_city, marbit_many_paths, minivault_27,
          makhleb_altar_promises_db, uniq_psyche
D:10:     cheibrodos_barr_body, layout_small_grid, chequers_decorated_corner
D:11:     layout_loops_ring, david_orc_2
Temple:   eino_temple_scatter_basement
Lair:1:   layout_layer_cave, portal_ice_cave_entry_imps,
          grunt_forest_large_clearings
Lair:2:   layout_long_grid, spider_nest_entry_rubble, uniq_sonja
Lair:3:   layout_gridlike, elwin_shoals_entry_rocks, basic_altar, uniq_snorg
Lair:4:   layout_loops_ring
Lair:5:   layout_cave_pods, slime_altar_1
Orc:1:    layout_caves, serial_shops, shop, enter_bailey_5
Orc:2:    st_orc_ogre_mass, layout_caves, gauntlet_entry_generic, serial_shops,
          nicolae_shop_statue_plus, mines_bat_river

Skill      XL: |  1  2  3  4  5  6  7  8  9 10 11 12 13 14 |
---------------+-------------------------------------------+-----
Conjurations   | 3 4 5 6 7 8 9 10 | 10.5
Spellcasting   | 3 4 5 6 8 9 11 12 14 15 | 15.5
Dodging        | 4 5 7 9 10 12 13 14 15 | 15.0
Stealth        | 4 6 7 8 10 13 14 | 14.2
Short Blades   | 1 2 3 |  3.8
Translocations | 2 5 7 8 9 |  9.5
Armour         | 1 |  1.8
Hexes          | 2 5 |  5.5
Fighting       | 1 2 |  2.6
Air Magic      | |  0.2

Action                   |  1- 3 |  4- 6 |  7- 9 | 10-12 | 13-15 || total
-------------------------+-------+-------+-------+-------+-------++-------
Melee: Short sword       |       |    18 |     1 |     5 |    61 ||    85
 Cast: Magic Dart        |    54 |    30 |    93 |   258 |   124 ||   559
       Searing Ray       |    10 |    21 |    79 |   202 |   144 ||   456
       Iskenderun's Myst |       |       |     1 |    36 |    52 ||    89
       Gell's Gravitas   |       |       |       |     6 |     1 ||     7
       Ignite Poison     |       |       |       |       |     1 ||     1
       Poisonous Vapours |       |       |       |       |     1 ||     1
  Use: Scroll            |     4 |     5 |     8 |     3 |     8 ||    28
 Stab: Sleeping          |       |     3 |     1 |     4 |    15 ||    23
Armor: Robe              |     2 |     1 |     2 |     8 |    18 ||    31
       Troll leather arm |       |       |     5 |       |       ||     5
Dodge: Dodged            |     6 |     6 |    67 |   148 |   366 ||   593
